Map: [ESL] Tropical Sacrifice

Players

BabyMarine

  • Race: Terran Terran
  • Spawn Location: 1:00

NightPhoenix - Winner!

  • Race: Protoss Protoss
  • Spawn Location: 7:00

Event: DreamHack SC2 Masters 2022 Valencia

VOD

Have the link to the VOD?

Description

Time

  • Played on: July 1, 2022, 2:17 p.m.
  • Length: 11:43

All games in this series

Show
View Real Time Build Order
Export as new Build Order

BabyMarine Terran 

Build Orders:  

Get SALT Encoding   

  12  0:00  SCV  
  13  0:12  SCV  
  14  0:17  Supply Depot  
  14  0:24  SCV  
  15  0:39  SCV  
  15  0:40  Barracks  
  16  0:44  Refinery  
  16  0:51  SCV  
  17  1:03  SCV  
  18  1:15  SCV  
  19  1:28  Marine  
  19  1:30  Orbital Command  
  20  1:45  Command Center  
  20  1:48  Barracks Reactor  
  20  1:57  Supply Depot  
  21  2:01  SCV  
  21  2:12  Factory  
  21  2:14  SCV  
  22  2:25  Marine x2  
  22  2:26  SCV  
  22  2:29  Refinery  
  25  2:36  Bunker  
  25  2:39  SCV  
  25  2:43  Marine  
  27  2:45  Marine  
  28  2:53  SCV  
  29  2:59  Orbital Command  
  29  3:03  Widow Mine  
  30  3:08  SCV  
  32  3:17  Starport  
  31  3:20  SCV  
  31  3:22  Marine  
  31  3:24  Factory Tech Lab  
  34  3:27  SCV  
  34  3:33  SCV  
  35  3:38  Supply Depot  
  35  3:39  Marine  
  35  3:40  Marine  
  38  3:41  SCV  
  38  3:47  Cyclone  
  41  3:49  SCV  
  42  3:56  Viking  
  42  3:57  SCV  
  42  4:01  SCV  
  42  4:02  Marine  
  47  4:05  Marine  
  47  4:12  SCV  
  47  4:13  SCV  
  48  4:20  Marine  
  48  4:23  Marine  
  48  4:24  SCV  
  48  4:28  SCV  
  49  4:34  Siege Tank  
  49  4:36  Supply Depot  
  52  4:40  Viking  
  54  4:57  Marine x2  
  54  4:58  SCV x2  
  58  5:00  Supply Depot  
  58  5:03  Command Center  
  58  5:09  Siege Tank  
  58  5:13  SCV  
  62  5:21  SCV, Marine x2  
  60  5:25  SCV  
  63  5:33  SCV  
  61  5:36  Viking  
  61  5:38  SCV  
  61  5:39  Marine  
  61  5:45  SCV  
  61  5:46  Marine  
  61  5:48  Siege Tank  
  64  5:50  SCV  
  64  5:56  Marine  
  63  5:57  SCV  
  63  6:02  SCV  
  62  6:04  Marine  
  62  6:07  Viking  
  62  6:09  SCV  
  65  6:13  Barracks  
  65  6:14  Barracks, SCV, Marine  
  65  6:22  Refinery x2, SCV, Marine  
  65  6:23  Engineering Bay x2  
  67  6:26  SCV  
  67  6:32  Marine  
  65  6:34  SCV  
  65  6:38  Siege Tank  
  65  6:39  SCV  
  69  6:46  SCV  
  65  6:48  Marine  
  65  6:50  Orbital Command  
  65  6:51  SCV  
  64  6:55  Starport Tech Lab  
  64  7:00  SCV  
  64  7:03  SCV  
  64  7:05  Terran Infantry Armor Level 1, Terran Infantry Weapons Level 1  
  65  7:10  Barracks, Marine x2  
  65  7:11  Barracks  
  65  7:13  Siege Tank  
  70  7:16  SCV x2  
  70  7:17  Barracks Tech Lab  
  70  7:19  Stimpack, Marauder  
  74  7:23  Missile Turret  
  74  7:24  Starport Reactor  
  74  7:26  Missile Turret  
  74  7:28  Marine x2  
  74  7:29  SCV x2  
  78  7:37  Marauder  
  78  7:42  Combat Shield, Marauder  
  82  7:48  Missile Turret  
  82  7:49  Siege Tank  
  82  7:50  Orbital Command  
  85  7:53  Supply Depot  
  85  7:54  Marine x2  
  85  7:55  Supply Depot  
  87  8:08  Barracks Tech Lab  
  87  8:09  SCV x2, Barracks Reactor  
  87  8:10  Marine, Marauder  
  88  8:20  SCV  
  88  8:21  SCV x2, Marine x2  
  88  8:26  Medivac x2, Supply Depot x2  
  97  8:27  Siege Tank  
  97  8:32  SCV  
  97  8:33  SCV  
  102  8:34  Marauder  
  102  8:35  Marauder  
  102  8:36  Marauder  
  102  8:38  SCV  
  109  8:44  Ghost Academy  
  109  8:45  Supply Depot  
  109  8:47  Marine x2  
  111  8:48  Marine x2  
  111  8:49  Missile Turret  
  111  8:53  Concussive Shells  
  113  8:59  Armory, Marine x3  
  113  9:00  SCV x2  
  116  9:04  SCV  
  116  9:05  Marine  
  116  9:08  Viking x2  
  116  9:10  Siege Tank  
  116  9:12  SCV  
  116  9:13  Marine x2  
  121  9:18  SCV  
  120  9:30  Marine x2  
  120  9:32  SCV  
  120  9:33  SCV x2  
  119  9:39  Marine x2, Marauder x2  
  119  9:42  Command Center  
  119  9:44  SCV  
  122  9:55  Medivac x2  
  122  9:56  Ghost  
  122  9:57  Refinery, Marine x2  
  122  9:58  Refinery  
  130  10:01  Marine x2  
  130  10:03  Ghost  
  134  10:12  Missile Turret  
  134  10:15  Siege Tank  
  136  10:23  Marine x4  
  136  10:24  Missile Turret  
  140  10:32  Marauder  
  140  10:35  Ghost  
  141  10:45  Marine  
  141  10:46  Marauder  
  141  10:47  Marine  
  141  10:49  Marine x2  
  135  10:53  Marauder  
  135  10:55  Siege Tank  
  133  10:58  SCV x2  
  133  11:03  Marine  
  138  11:04  Marauder  
  138  11:07  Marauder  
  138  11:08  Marine x2  
  138  11:10  SCV  
  122  11:14  Marine, Marauder  
  122  11:21  Marine  
  116  11:27  SCV  
Show
View Real Time Build Order
Export as new Build Order

NightPhoenix Protoss - Winner!

Build Orders: 1 Gate Expand, Phoenix Opening, Colossus Rush 

Get SALT Encoding   

  12  0:00  Probe  
  13  0:12  Probe  
  14  0:17  Pylon  
  14  0:24  Probe (Chrono Boost)  
  15  0:37  Gateway  
  15  0:38  Probe (Chrono Boost)  
  15  0:42  Probe (Chrono Boost)  
  16  0:46  Assimilator  
  17  0:52  Probe  
  18  1:05  Probe  
  19  1:17  Probe  
  20  1:24  Nexus  
  20  1:35  Cybernetics Core  
  20  1:39  Probe  
  21  1:45  Assimilator  
  21  1:51  Pylon  
  21  1:55  Probe  
  22  2:07  Probe  
  23  2:08  Adept (Chrono Boost)  
  23  2:14  Stargate  
  25  2:19  Probe  
  26  2:23  Warp Gate  
  26  2:29  Adept (Chrono Boost)  
  26  2:32  Probe (Chrono Boost)  
  29  2:37  Probe (Chrono Boost)  
  31  2:48  Probe x2 (Chrono Boost)  
  31  2:51  Adept  
  32  2:54  Probe (Chrono Boost)  
  32  2:55  Probe  
  36  3:01  Phoenix  
  38  3:10  Probe x2  
  38  3:12  Assimilator  
  40  3:14  Assimilator  
  40  3:22  Robotics Facility  
  40  3:26  Probe x2  
  42  3:31  Phoenix  
  44  3:35  Pylon  
  44  3:38  Probe  
  45  3:41  Probe  
  46  3:53  Probe x2  
  48  3:58  Phoenix, Gateway  
  50  4:18  Probe x2  
  52  4:29  Nexus  
  52  4:30  Phoenix  
  48  4:33  Pylon  
  48  4:35  Immortal (Chrono Boost)  
  52  4:43  Robotics Bay  
  52  4:46  Probe x2  
  52  4:51  Pylon  
  54  4:55  Stalker  
  54  4:59  Phoenix  
  58  5:02  Probe  
  58  5:03  Probe  
  58  5:06  Sentry  
  62  5:27  Stalker  
  58  5:33  Colossus (Chrono Boost)  
  58  5:34  Stalker  
  56  5:36  Probe x2  
  62  5:48  Probe  
  62  5:49  Probe x2  
  65  5:51  Phoenix  
  65  5:53  Gateway x2  
  65  5:56  Stalker  
  63  6:07  Stalker  
  65  6:16  Phoenix (Chrono Boost)  
  63  6:19  Colossus  
  63  6:21  Stalker  
  71  6:26  Probe x2  
  71  6:34  Phoenix (Chrono Boost)  
  71  6:48  Stalker  
  71  6:49  Stalker x3  
  71  6:54  Phoenix (Chrono Boost)  
  81  7:01  Probe  
  81  7:02  Probe x2  
  84  7:11  Twilight Council  
  84  7:13  Pylon  
  84  7:14  Pylon, Probe  
  85  7:17  Pylon  
  85  7:19  Pylon  
  85  7:20  Extended Thermal Lance (Chrono Boost)  
  85  7:21  Pylon  
  85  7:29  Forge  
  85  7:30  Phoenix  
  85  7:31  Probe x2  
  87  7:40  Probe  
  87  7:43  Stalker x4, Probe  
  87  7:44  Charge (Chrono Boost)  
  97  7:46  Assimilator  
  97  7:49  Assimilator  
  97  7:53  Pylon  
  97  8:06  Phoenix  
  97  8:07  Probe x2  
  101  8:16  Zealot x4  
  101  8:17  Probe  
  101  8:19  Protoss Ground Weapons Level 1 (Chrono Boost), Probe  
  112  8:20  Probe  
  112  8:31  Phoenix  
  114  8:36  Templar Archives  
  114  8:37  Pylon  
  114  8:39  Nexus, Pylon, Gateway  
  114  8:43  Gateway  
  114  8:48  Gateway  
  114  8:51  Gateway  
  114  9:08  Colossus (Chrono Boost)  
  114  9:10  Stalker x4  
  128  9:25  Probe x2  
  128  9:26  Probe  
  128  9:29  Pylon  
  128  9:30  Pylon  
  131  9:44  Zealot x7  
  139  9:54  Probe x3  
  139  9:56  Probe  
  139  9:57  Disruptor (Chrono Boost)  
  146  10:05  High Templar x4  
  146  10:06  High Templar x2  
  158  10:07  Zealot x2  
  158  10:09  Archon x2  
  158  10:10  Archon  
  158  10:13  Gateway x2  
  162  10:17  Gateway  
  162  10:29  Warp Prism (Chrono Boost)  
  164  10:39  Zealot x3  
  164  10:40  Zealot x4  
  164  10:41  Zealot  
  160  11:13  Zealot x2  
  160  11:14  Zealot x8  
  142  11:35  Zealot x4  
  142  11:36  Zealot x6  

Tags
 
Add a new tag
Caveats
  • Supply blocks, unpowered buildings, or Contaminate may cause inaccurate times.
  • Supply counts are checked every 10 seconds.